 Dungeon Crawl Stone Soup version 0.20.0-3-g22ec75f (webtiles) character file.

254 Angani the Skirmisher (level 6, 0/34 HPs)
             Began as a Vine Stalker Fighter on May 26, 2017.
             Was a Follower of Uskayaw.
             Slain by an ogre
             ... wielding a +0 giant spiked club
              (3 damage)
             ... on level 5 of the Dungeon.
             The game lasted 00:05:49 (2866 turns).

Angani the Skirmisher (Vine Stalker Fighter)        Turns: 2866, Time: 00:05:49

Health: 0/34       AC: 15    Str: 20    XL:     6   Next: 15%
Magic:  0/8        EV:  3    Int:  8    God:    Uskayaw [*.....]
Gold:   108        SH:  9    Dex: 14    Spells: 5/5 levels left

rFire    . . .     SeeInvis .   a - +0 rapier
rCold    . . .     Gourm    .   c - +0 shield
rNeg     . . .     Faith    .   j - +0 plate armour
rPois    .         Spirit   +   (no helmet)
rElec    .         Reflect  .   (no cloak)
rCorr    .         Harm     .   (no gloves)
MR       .....                  (no boots)
Stlth    ..........             (no amulet)
Regen    0.6/turn               g - +4 ring of protection
MPRegen  0.2/turn               (no ring)

@: no status effects
A: fangs 2, regeneration 1, magic shield, antimagic bite, no potion heal 3, rot
immunity
a: Stomp, Renounce Religion


You were on level 5 of the Dungeon.
You worshipped Uskayaw.
Uskayaw was noncommittal.
You were hungry.

You visited 1 branch of the dungeon, and saw 5 of its levels.

You collected 108 gold pieces.

Inventory:

Hand Weapons
 a - a +0 rapier (weapon)
Missiles
 y - a throwing net (quivered)
Armour
 b - a +0 scale mail
 c - a +0 shield (worn)
 j - a +0 plate armour (worn)
Jewellery
 g - a +4 ring of protection (left hand)
 s - a +3 amulet of reflection {unknown}
 w - an uncursed amulet of regeneration {unknown}
Scrolls
 e - 4 scrolls of identify {unknown}
 i - 3 scrolls of remove curse {unknown}
 l - 2 scrolls of fear {unknown}
 m - 3 scrolls of teleportation {unknown}
 n - a scroll of immolation {unknown}
 p - a scroll of fog {unknown}
 x - a scroll of magic mapping {unknown}
Potions
 d - a potion of might
 h - 2 potions of flight {unknown}
 k - 2 potions of curing {unknown}
 q - a potion of heal wounds {unknown}
 r - a potion of haste {unknown}
 u - a potion of invisibility {unknown}
 A - a potion of lignification {unknown}
 B - a potion of agility {unknown}
Books
 z - a book of Conjurations

   Spells                             Type                      Level
   a - Magic Dart                     Conjuration                  1
   b - Searing Ray                    Conjuration                  2
   c - Dazzling Spray                 Conjuration/Hexes            3
   d - Fulminant Prism                Conjuration/Hexes            4
   e - Force Lance                    Conjuration/Translocation    4
   f - Iskenderun's Mystic Blast      Conjuration                  4
Comestibles
 f - 3 bread rations
 o - 2 royal jellies
 t - a chunk of flesh
 v - 3 fruits


   Skills:
 + Level 4.3 Fighting
 + Level 3.6 Short Blades
 - Level 2.4 Armour
 - Level 2.6 Shields
 * Level 2.5 Invocations


You had 5 spell levels left.
You didn't know any spells.

Dungeon Overview and Level Annotations

Branches:
Dungeon (5/15)             Temple (0/1) D:4

Altars:
Ashenzari
Dithmenos
Elyvilon
Kikubaaqudgha
Ru
Uskayaw
Vehumet
Xom
Zin
The Shining One

Annotations:
D:4 shamrock's ghost, novice DsGl


Innate Abilities, Weirdness & Mutations

You have extremely sharp teeth.
Your natural rate of healing is unusually fast.
When hurt, damage is shared between your health and your magic reserves.
Your bite disrupts and absorbs the magic of your enemies.
Potions cannot restore your health.
You are immune to rotting.


Message History

You hit the ogre but do no damage. Your bite misses the ogre.
The ogre is moderately wounded.
You hit the ogre. Your bite misses the ogre.
The ogre is moderately wounded.
The ogre hits you with a giant spiked club!
* * * LOW HITPOINT WARNING * * *
Unknown command.
You hit the ogre but do no damage. You bite the ogre. You drain its power.
You feel invigorated.
The ogre is heavily wounded.
The ogre hits you but does no damage.
You hit the ogre but do no damage.
The ogre is heavily wounded.
The ogre hits you with a giant spiked club!
* * * LOW HITPOINT WARNING * * *
Unknown command.
You hit the ogre but do no damage. You bite the ogre, but do no damage.
The ogre is heavily wounded.
The ogre hits you with a giant spiked club.
You die...

#.# #.# #.#
#.# #.# #.#
##.#####.##
......O@..#
##.####.#.#
#.#.# #.#.#
#.#.# #.#.#
#.#.# #.#.#
#.#######.#)#


You could see an ogre.

Vanquished Creatures
  2 howler monkeys
  An orc wizard (D:4)
  An iguana (D:5)
  3 adders (D:3)
  2 oozes (D:3)
  2 worms (D:2)
  3 dart slugs
  4 leopard geckos
  3 orcs
  3 giant cockroaches
  6 goblins
  3 hobgoblins
  8 jackals
  9 kobolds
  A quokka (D:2)
  A ball python (D:3)
  10 bats
  2 frilled lizards
  5 rats
69 creatures vanquished.

Notes
Turn   | Place    | Note
-------+----------+-------------------------------------------
     0 | D:1      | Angani the Vine Stalker Fighter began the quest for the Orb.
     0 | D:1      | Reached XP level 1. HP: 11/11 MP: 2/2
   102 | D:1      | Reached XP level 2. HP: 4/16 MP: 3/3
   343 | D:1      | Reached skill level 3 in Fighting
   928 | D:2      | Reached XP level 3. HP: 20/20 MP: 4/4
  1452 | D:2      | Found a glowing silver altar of Zin.
  1865 | D:2      | Gained mutation: Your natural rate of healing is unusually fast. [Vine Stalker growth]
  1865 | D:2      | Reached XP level 4. HP: 25/25 MP: 5/5
  2210 | D:3      | Found a shadowy altar of Dithmenos.
  2211 | D:3      | Found a hide-covered altar of Uskayaw.
  2211 | D:3      | Found a glowing golden altar of the Shining One.
  2250 | D:3      | Found a shimmering altar of Xom.
  2250 | D:3      | Found a sacrificial altar of Ru.
  2253 | D:3      | Became a worshipper of Uskayaw the Reveler
  2300 | D:3      | Reached * piety under Uskayaw
  2360 | D:3      | Found a shattered altar of Ashenzari.
  2360 | D:3      | Found a faded altar of an unknown god.
  2365 | D:3      | Found a white marble altar of Elyvilon.
  2367 | D:3      | Found a radiant altar of Vehumet.
  2369 | D:3      | Found an ancient bone altar of Kikubaaqudgha.
  2693 | D:4      | Noticed shamrock's ghost (novice DsGl)
  2708 | D:3      | Reached skill level 4 in Fighting
  2708 | D:3      | Reached skill level 1 in Invocations
  2708 | D:3      | Reached XP level 5. HP: 28/29 MP: 4/7
  2708 | D:3      | Reached ** piety under Uskayaw
  2788 | D:4      | Found a staircase to the Ecumenical Temple.
  2826 | D:5      | Entered Level 5 of the Dungeon
  2837 | D:5      | Reached XP level 6. HP: 30/33 MP: 8/8
  2843 | D:5      | Reached *** piety under Uskayaw
  2866 | D:5      | Slain by an ogre

Skill      XL: |  1  2  3  4  5 |
---------------+----------------+-----
Short Blades   | 2 3 |  3.6
Fighting       | 3 4 |  4.3
Invocations    | 1 2 |  2.5
Armour         | |  2.4
Shields        | |  2.6

Action                   |  1- 3 |  4- 6 || total
-------------------------+-------+-------++-------
Melee: Rapier            |   137 |   107 ||   244
       Bite              |    30 |    32 ||    62
 Stab: Paralysed         |       |     1 ||     1
  Eat: Chunk             |     3 |     3 ||     6
Armor: Scale mail        |    19 |       ||    19
       Plate armour      |    66 |    57 ||   123
Dodge: Dodged            |    24 |    13 ||    37
Block: Shield            |    75 |    42 ||   117
